 Dungeon Sprint DCSS version 0.24-a0-244-ga6a6ab7 (webtiles) character file.

Game seed: 75671374340043285

7 MikeHunt the Chopper (level 1, -1/20 HPs)
             Began as a Deep Dwarf Fighter on Apr 10, 2019.
             Slain by a human (3 damage)
             ... in the Dungeon (Sprint III: "The Ten Rune Challenge").
             The game lasted 00:00:39 (65 turns).

MikeHunt the Chopper (Deep Dwarf Fighter)             Turns: 65, Time: 00:00:40

Health: -1/20      AC:  6    Str: 19    XL:     1   Next: 83%
Magic:  1/1        EV:  7    Int:  8    God:
Gold:   0          SH:  9    Dex: 12    Spells: 0/0 levels left

rFire    . . .     SeeInvis .   a - +0 war axe
rCold    . . .     Gourm    .   c - +0 shield
rNeg     . . .     Faith    .   b - +0 scale mail
rPois    .         Spirit   .   (no helmet)
rElec    .         Reflect  .   (no cloak)
rCorr    .         Harm     .   (no gloves)
MR       .....     NoTele   +   (no boots)
Stlth    ..........             (no amulet)
HPRegen  0.00/turn              (no ring)
MPRegen  0.07/turn              (no ring)

@: non-regenerating
A: damage resistance, heal wounds, sense surroundings 1, no regeneration
a: Heal Wounds


You were in the Dungeon.
You were not hungry.

You visited 1 branch

Inventory:

Hand Weapons
 a - a +0 war axe (weapon)
Armour
 b - a +0 scale mail (worn)
 c - a +0 shield (worn)
Scrolls
 k - a scroll of blinking
Potions
 d - a potion of might
 e - a potion of curing
 g - a potion of heal wounds
 h - a potion of haste
 i - 2 potions of magic
 j - a potion of berserk rage
 l - a potion of flight {unknown}
Comestibles
 f - a ration


   Skills:
 - Level 2.6 Fighting
 + Level 4.7 Axes
 - Level 3.2 Armour
 - Level 3.2 Shields


You couldn't memorise any spells.
You didn't know any spells.
Your spell library was empty.

Dungeon Overview and Level Annotations

Branches:
Dungeon (1/1)

Altars:


Innate Abilities, Weirdness & Mutations

You are resistant to damage.
You can heal yourself by infusing magical energy.
You passively map a small area around you.
You do not regenerate.


Message History

The human is lightly wounded.
The human barely misses you.
You hit the human but do no damage.
The human is lightly wounded.
You block the human's attack.
You hit the human.
The human is moderately wounded.
The human hits you. x2
You slash the human!
The human is heavily wounded.
The human hits you!
* * * LOW HITPOINT WARNING * * *
You barely miss the human.
The human is heavily wounded.
The human hits you.
* * * LOW HITPOINT WARNING * * *
You slash the human!
The human is severely wounded.
The human hits you but does no damage. The human hits you.
You die...

▓...#......## ,
▓..##.......#,
▓##.##.##...# .#
##.##.###..#* *..#
▓#.####.##..# ...+
▓.###..##..##*#p..#
▓#..†..##..# #....#
###..##...##.....#
,
##..##...@#......#
#..###..##p# ,,, *
#).# #..#### ,,
▓▓▓▓ ▓▓▓▓ * , ,+, ≈
≈ ≈ , , ,, ≈ ≈, ≈≈≈
* ≈ ≈*


You could see a human.

Vanquished Creatures
  An ooze (D)
  3 rats (D)
4 creatures vanquished.

Notes
Turn   | Place    | Note
-------+----------+-------------------------------------------
     0 | D        | MikeHunt the Deep Dwarf Fighter began the quest for the
                  | Orb.
     0 | D        | Reached XP level 1. HP: 20/20 MP: 1/1
    14 | D        | Reached skill level 4 in Axes
    65 | D        | Slain by a human

Levels and vault maps discovered:
D:        dungeon_sprint_mu [sprint_mu_entry_cave, sprint_mu_temple_rooms,
          sprint_mu_d1_horrors, sprint_mu_d2_genie, sprint_mu_d3_branching,
          sprint_mu_orc_legion, sprint_mu_elf_gauntlet, sprint_mu_hive_nellie,
          sprint_mu_lair_fedhas, sprint_mu_vaults_butterflies,
          sprint_mu_slime_circle, sprint_mu_shoals_kraken,
          sprint_mu_snake_twists, sprint_mu_blade_basic,
          sprint_mu_crypt_chambers, sprint_mu_tomb_spiral,
          sprint_mu_vestibule_basic, sprint_mu_gehenna_hellfire,
          sprint_mu_dis_giant, sprint_mu_tartarus_statrot,
          sprint_mu_cocytus_islands, sprint_mu_zot1]

Skill      XL: |  1 |
---------------+----+-----
Axes           | 4 |  4.7
Fighting       | |  2.6
Armour         | |  3.2
Shields        | |  3.2

Action                   || total
-------------------------++-------
Melee: War axe           ||    20
Armor: Scale mail        ||     3
Dodge: Dodged            ||     5
Block: Shield            ||     8

Table legend:
 A = Non-vault XP
 B = Vault XP
 C = Vault XP percentage of total XP
 D = Non-vault monster count
 E = Vault monster count
 F = Vault count percentage of total count
                 A         B        C        D         E       F
            +---------+---------+-------+---------+---------+-------
      Total |       0 |      10 | 100.0 |       0 |       4 | 100.0
            +---------+---------+-------+---------+---------+-------
          D |       0 |      10 | 100.0 |       0 |       4 | 100.0
            +---------+---------+-------+---------+---------+-------
